 Dungeon Crawl Stone Soup version 0.31.0-11-ge490571c62 (webtiles) character file.

Game seed: 14970068276396365555

22 qw the Shooter (level 2, -6/16 HPs)
             Began as a Deep Elf Hunter on Feb 3, 2024.
             Mangled by an iguana (12 damage)
             ... on level 4 of the Dungeon.
             The game lasted 00:00:16 (936 turns).

qw the Shooter (Deep Elf Hunter)                     Turns: 936, Time: 00:00:16

Health: -6/16      AC:  6    Str:  8    XL:     2   Next: 68%
Magic:  4/4        EV: 10    Int: 13    God:
Gold:   93         SH:  0    Dex: 18    Spells: 1/1 levels left

rFire   . . .        a - +0 shortbow
rCold   . . .        (shield currently unavailable)
rNeg    . . .        h - +1 ring mail
rPois   .            (no helmet)
rElec   .            (no cloak)
rCorr   .            (no gloves)
SInv    .            (no boots)
Will    .....        (no amulet)
Stlth   +            (no ring)
HPRegen 0.22/turn    (no ring)
MPRegen 0.09/turn

%: no passive effects
@: no status effects
A: no striking features
a: no special abilities


You were on level 4 of the Dungeon.
You visited 1 branch of the dungeon, and saw 3 of its levels.

You collected 93 gold pieces.


   Skills:
 - Level 1.5 Fighting
 + Level 6.4 Ranged Weapons
 - Level 2.4 Dodging
 - Level 1.2 Stealth


You had one spell level left.
You didn't know any spells.
Your spell library was empty.

Inventory:

Hand Weapons
 a - a +0 shortbow (weapon)
Armour
 b - a +0 helmet
 h - a +1 ring mail (worn)
Potions
 d - a potion of mutation
 e - a potion of curing

Dungeon Overview and Level Annotations

Branches:
Dungeon (2/15)

Altars:


Message History

There is an entrance to an ossuary on this level.
Hurry and find it before the portal is buried!
b - a +0 helmet Waypoint 2 assigned to D:4.
890 ||| PLANNING OSSUARY
Found a stone staircase leading down.
Found 3 curare-tipped darts.
Found a stone staircase leading down.
Found a dagger.
Found a stone staircase leading up.
There is a stone staircase leading down here.
You see here 3 curare-tipped darts.
There is a stone staircase leading up here.
You see here a +0 dagger.
Found a stone staircase leading up.
A malevolent force fills the Dungeon... and a teleportation trap spontaneously manifests!
You are yanked towards a nearby monster!
Your surroundings suddenly seem different.
An iguana comes into view.
Found a flux talisman and 13 gold pieces.
You shoot an arrow. The arrow hits the iguana.
The iguana hisses angrily.
The iguana is moderately wounded.
You shoot an arrow.
The arrow hits the iguana but does no damage.
The iguana is moderately wounded.
The iguana bites you but does no damage.
You shoot an arrow. The arrow closely misses the iguana.
The iguana hisses menacingly.
The iguana bites you!
Ouch! That really hurt!
You shoot an arrow.
The arrow hits the iguana but does no damage.
The iguana is moderately wounded.
The iguana barely misses you. The iguana closely misses you.
You shoot an arrow. The arrow hits the iguana.
The iguana is severely wounded.
You hear the slow hiss of a very distant avalanche of sand.
The iguana bites you!
Ouch! That really hurt!
You die...

#. .# ..##
## ###..####
...#.......#
#.........#
#.$.....#
#...@l|.#
#.......#
#.......#
#.......#
#########


You could see an iguana.

Vanquished Creatures
  A ribbon worm (D:2)
  A dart slug (D:1)
  3 endoplasms (D:1)
  A giant cockroach (D:1)
  3 goblins (D:1)
  A hobgoblin (D:1)
  A kobold (D:1)
  3 bats (D:1)
  A frilled lizard (D:1)
15 creatures vanquished.

Notes
Turn   | Place    | Note
-------+----------+-------------------------------------------
     0 | D:1      | qw the Deep Elf Hunter began the quest for the Orb.
     0 | D:1      | Reached XP level 1. HP: 12/12 MP: 3/3
     0 | D:1      | 0 ||| qw: Version: 0.3-a-155-g5e7d8dd
     0 | D:1      | 0 ||| qw: Game counter: 3485
     0 | D:1      | 0 ||| qw: Melee chars always use a shield: true
     0 | D:1      | 0 ||| qw: God list: Okawaru
     0 | D:1      | 0 ||| qw: Allow faded altars: false
     0 | D:1      | 0 ||| qw: Do Orc after clearing Dungeon:15 true
     0 | D:1      | 0 ||| qw: Do second Lair branch before Depths: true
     0 | D:1      | 0 ||| qw: Lair rune preference: random
     0 | D:1      | 0 ||| qw: Goals: Normal
     0 | D:1      | 0 ||| PLANNING D:1-11
   247 | D:1      | HP: 1/12 [frozen (5)]
   249 | D:1      | Reached XP level 2. HP: 1/16 MP: 4/4
   348 | D:1      | Reached skill level 6 in Ranged Weapons
   790 | D:1      | 790 ||| UPGRADING to +0 ring mail.
   800 | D:1      | 800 ||| DROPPING +0 leather armour.
   801 | D:1      | 801 ||| READING scroll labelled ROSOMYU ARESTRI.
   802 | D:1      | 802 ||| READING scroll labelled QIFABI ERUIWI.
   802 | D:1      | 802 ||| ENCHANTING +0 ring mail.
   803 | D:1      | 803 ||| READING scroll labelled VOATHR AKAT.
   803 | D:1      | 803 ||| IDENTIFYING orange potion
   804 | D:1      | 804 ||| DRINKING 2 clear potions.
   805 | D:1      | 805 ||| DROPPING scroll of butterflies.
   866 | D:2      | 866 ||| STAIRDANCE
   887 | D:2      | You fall into a shaft and drop 2 floors!
   890 | D:4      | 890 ||| PLANNING OSSUARY
   936 | D:4      | Mangled by an iguana

Levels and vault maps discovered:
D:1:      roderic_crop_circles_arrival_small, layout_basic, minivault_24
D:2:      layout_basic, serial_shops, nicolae_shop_trees, basic_altar,
          dreamdust_ecumenical_altar_drowned_temple
D:4:      layout_rooms, nicolae_overflow_crystal_walls, old_standard_altar,
          lightli_ossuary_entry_decrepit_ruins

Skill      XL: |  1  2 |
---------------+-------+-----
Ranged Weapons | 6 |  6.4
Fighting       | |  1.5
Dodging        | |  2.4
Stealth        | |  1.2

Action                     || total
---------------------------++-------
   Fire: Shortbow          ||    46
    Use: Scroll            ||     3
         Potion            ||     1
 Armour: Leather armour    ||     1
         Ring mail         ||     7
  Dodge: Dodged            ||     8

Table legend:
 A = Non-vault XP
 B = Vault XP
 C = Vault XP percentage of total XP
 D = Non-vault monster count
 E = Vault monster count
 F = Vault count percentage of total count
                 A         B        C        D         E       F
            +---------+---------+-------+---------+---------+-------
      Total |      32 |       0 |   0.0 |      15 |       0 |   0.0
            +---------+---------+-------+---------+---------+-------
        D:1 |      27 |       0 |   0.0 |      14 |       0 |   0.0
        D:2 |       5 |       0 |   0.0 |       1 |       0 |   0.0
            +---------+---------+-------+---------+---------+-------
